 Dungeon Crawl Stone Soup version 0.26-b1-32-g5d43845318 (webtiles) character file.

Game seed: 18184935304558206215

177 Borgoz the Ducker (level 5, 0/45 HPs)
             Began as a Ghoul Gladiator on Jan 13, 2021.
             Slain by a lemure (4 damage)
             ... led by Pikel
             ... on level 4 of the Dungeon.
             The game lasted 00:02:34 (2842 turns).

Borgoz the Ducker (Ghoul Gladiator)                 Turns: 2842, Time: 00:02:35

Health: 0/45       AC:  4    Str: 18    XL:     5   Next: 57%
Magic:  4/4        EV: 13    Int:  3    God:
Gold:   131        SH:  0    Dex: 11    Spells: 4/4 levels left

rFire    . . .     SeeInvis .   a - +0 flail
rCold    + . .     Faith    .   (no shield)
rNeg     + + +     Spirit   .   b - +0 leather armour
rPois    ∞         Reflect  .   c - +0 helmet
rElec    .         Harm     .   (no cloak)
rCorr    .         Rampage  .   (no gloves)
Will     .....                  (no boots)
Stlth    +.........             (no amulet)
HPRegen  0.00/turn              (no ring)
MPRegen  0.09/turn              (no ring)

@: no status effects
A: claws 1, cold resistance 1, negative energy resistance 3, inhibited
regeneration, torment resistance, unbreathing
a: no special abilities


You were on level 4 of the Dungeon.
You visited 1 branch of the dungeon, and saw 4 of its levels.

You collected 131 gold pieces.

Inventory:

Hand Weapons
 a - a +0 flail (weapon)
Missiles
 l - 3 throwing nets (quivered)
Armour
 b - a +0 leather armour (worn)
 c - a +0 helmet (worn)
 d - a +2 chain mail of cold resistance
Scrolls
 e - a scroll of fear {unknown}
 g - a scroll of amnesia
 h - a scroll of blinking
 p - a scroll of enchant armour {unknown}
 q - a scroll of noise {unknown}
Potions
 f - a potion of degeneration
 i - a potion of curing
 k - a potion of invisibility
 m - 2 potions of mutation
 n - a potion of attraction
 o - a potion of lignification


   Skills:
 * Level 3.5 Fighting
 * Level 3.5 Maces & Flails
 - Level 1.7 Throwing
 * Level 2.0 Armour
 * Level 3.6 Dodging


You had 4 spell levels left.
You didn't know any spells.
Your spell library was empty.

Dungeon Overview and Level Annotations

Branches:
Dungeon (4/15)
 Temple: D:4-7

Altars:
Sif Muna

Shops:
D:4 *

Annotations:
D:4 Pikel


Innate Abilities, Weirdness & Mutations

You thrive by killing the living.
You are immune to poison.
You have sharp fingernails.
Your flesh is cold resistant. (rC+)
You are immune to negative energy. (rN+++)
You do not regenerate when monsters are visible.
You are immune to unholy pain and torment.
You can survive without breathing.


Message History

Pikel says, "Hell isn't that bad."
Found 7 gold pieces and a trident.
Found Caroos's Lightly-Used Armoury.
A lemure comes into view.
An ogre comes into view. It is wielding a +0 giant club.
The ogre shouts!
You hear an angry hiss.
Found a silvery potion.
It was a potion of magic.
Magic courses through your body.
The lemure shouts!
As you read the scroll labelled UGIGROISSI, it crumbles to dust.
It is a scroll of amnesia.
You feel forgetful for a moment. The orc misses you.
As you read the scroll labelled ZOKLOOFFEUKK, it crumbles to dust.
You smell rotten potatoes.
It was a scroll of random uselessness.
The orc closely misses you.
Okay, then.
Blink to where?
Press: ? - help, Dir - move target
As you read the scroll of blinking, it crumbles to dust.
The lemure hits you.
You die...

..O.. #... #. #..#
. .###. #§# ...
.....#######.#.....
#..........oK.....#
#........55#....$.#
#.........##5...#.#
#.......5@##....#
..
#.....†..<##..#...
#.....)...##.##.#).
..........#..# .#..
#............#
#####.####... ...
..... #... .#...
#.#. .....


You could see 3 lemures and an orc.

Vanquished Creatures
  A hound (D:4)
  Terence (D:2)
  6 adders
  2 oozes
  A worm (D:3)
  A dart slug (D:1)
  A leopard gecko (D:2)
  An orc (D:4)
  7 bats
  4 giant cockroaches
  4 goblins
  3 hobgoblins (D:1)
  4 jackals (D:1)
  2 quokkas (D:3)
  4 ball pythons
  6 frilled lizards
  6 kobolds
  3 rats
57 creatures vanquished.

Notes
Turn   | Place    | Note
-------+----------+-------------------------------------------
     0 | D:1      | Borgoz the Ghoul Gladiator began the quest for the Orb.
     0 | D:1      | Reached XP level 1. HP: 17/17 MP: 0/0
   107 | D:1      | Reached XP level 2. HP: 22/25 MP: 1/1
   475 | D:1      | Reached XP level 3. HP: 27/30 MP: 2/2
   505 | D:1      | Reached skill level 1 in Armour
  1050 | D:2      | Reached XP level 4. HP: 21/38 MP: 3/3
  1200 | D:2      | Noticed Terence
  1224 | D:2      | Killed Terence
  2047 | D:3      | Reached XP level 5. HP: 34/45 MP: 4/4
  2179 | D:3      | Found a shimmering blue altar of Sif Muna.
  2829 | D:4      | Noticed Pikel
  2830 | D:4      | Noticed a lemure
  2832 | D:4      | Noticed a lemure
  2833 | D:4      | Noticed a lemure
  2836 | D:4      | Found Caroos's Lightly-Used Armoury.
  2837 | D:4      | Noticed a lemure
  2838 | D:4      | Noticed an ogre
  2842 | D:4      | Slain by a lemure

Illustrated notes

Levels and vault maps discovered:
D:1:      scummos_arrival_star, layout_rooms
D:2:      layout_loops_ring, uniq_terence
D:3:      layout_loops_ring, led_sif_pool, serial_park_tiny_1
D:4:      layout_rooms, xom_confusion_cloud,
          minmay_temple_entry_statues_fountains, moated_statue,
          minmay_shop_damaged, uniq_robin, uniq_pikel

Skill      XL: |  1  2  3  4  5 |
---------------+----------------+-----
Dodging        | 3 |  3.6
Maces & Flails | 3 |  3.5
Armour         | 1 2 |  2.0
Fighting       | 3 |  3.5
Throwing       | |  1.7

Action                   |  1- 3 |  4- 6 || total
-------------------------+-------+-------++-------
Melee: Flail             |   129 |   129 ||   258
Throw: Throwing net      |       |     3 ||     3
  Use: Scroll            |     1 |     8 ||     9
       Potion            |       |     3 ||     3
Armor: Leather armour    |    54 |    35 ||    89
Dodge: Dodged            |   105 |   112 ||   217
